 Dungeon Crawl Stone Soup version 0.31-a0-210-gccc998df9b (webtiles) character file.

Game seed: 15202635652087880831

13 qw the Shooter (level 2, 0/24 HPs)
             Began as a Minotaur Hexslinger on June 30, 2023.
             Slain by a goblin
             ... wielding a +0 dagger
             ... led by Robin
              (2 damage)
             ... on level 1 of the Dungeon.
             The game lasted 00:00:09 (560 turns).

qw the Shooter (Minotaur Hexslinger)                 Turns: 560, Time: 00:00:09

Health: 0/24       AC:  2    Str: 10 (12) XL:     2   Next: 24%
Magic:  2/2        EV: 12    Int:  8 (10) God:
Gold:   43         SH:  0    Dex: 11 (12) Spells: 2/3 levels left

rFire   . . .        Y - +1 sling
rCold   . . .        (no shield)
rNeg    . . .        c - +0 robe
rPois   .            (helmet restricted)
rElec   .            (no cloak)
rCorr   .            (no gloves)
SInv    .            (no boots)
Will    .....        (no amulet)
Stlth   +            (no ring)
HPRegen 0.24/turn    (no ring)
MPRegen 0.08/turn

%: no passive effects
@: no status effects
A: horns 2, retaliatory headbutt
a: no special abilities


You were on level 1 of the Dungeon.
You visited 1 branch of the dungeon, and saw 2 of its levels.

You collected 43 gold pieces.


Innate Abilities, Weirdness & Mutations

You have a pair of horns on your head.
You reflexively headbutt those who attack you in melee.


   Skills:
 + Level 1.7 Fighting
 - Level 3.1 Ranged Weapons
 - Level 2.1 Dodging
 - Level 1.0 Spellcasting
 - Level 2.0 Hexes


You had 2 spell levels left.
You knew the following spells:

 Your Spells              Type           Power      Damage    Failure   Level
a - Slow                  Hex            12%        N/A       17%         1

Your spell library contained the following spells:

 Spells                   Type           Power      Damage    Failure   Level
 Inner Flame              Hex/Fire       2%         N/A       61%         3
 Portal Projectile        Hex/Tloc       4%         N/A       61%         3
 Cause Fear               Hex            1%         N/A       86%         4

Inventory:

Hand Weapons
 Y - a +1 sling (weapon)
Armour
 c - a +0 robe (worn)
Potions
 f - a potion of magic {unknown}

Dungeon Overview and Level Annotations

Branches:
Dungeon (2/15)

Altars:

Annotations:
D:2 Robin


Message History

A hobgoblin comes into view.
A goblin comes into view. It is wielding a +0 dagger.
Robin roars a battlecry!
The goblins go into a battle-frenzy!
A hobgoblin comes into view.
The hobgoblin shouts!
You shoot a sling bullet.
The sling bullet closely misses the goblin.
The hobgoblin shouts!
The goblin barely misses you.
An endoplasm comes into view.
A jackal comes into view.
You shoot a sling bullet.
The sling bullet closely misses the goblin.
The jackal barks!
The goblin hits you with a +0 dagger. x2
The goblin hits you but does no damage. Robin throws the goblin at you!
The giant cockroach barely misses you.
A jackal comes into view.
556 ||| STAIRDANCE The goblin misses you.
The goblin hits you with a +0 dagger. The goblin closely misses you.
The giant cockroach closely misses you.
You climb upwards.
There is a stone staircase leading down here.
You shoot a sling bullet.
The sling bullet closely misses the goblin.
The goblin hits you with a +0 dagger. The goblin closely misses you.
The giant cockroach barely misses you. You furiously retaliate!
You headbutt the giant cockroach!
You kill the giant cockroach!
The goblin misses you. The goblin hits you with a +0 dagger.
You shoot a sling bullet.
The sling bullet closely misses the goblin.
The goblin hits you with a +0 dagger. The goblin misses you.
The goblin hits you with a +0 dagger. The goblin closely misses you.
The goblin hits you but does no damage. The goblin barely misses you.
The goblin hits you but does no damage. The goblin hits you with a +0 dagger.
You shoot a sling bullet. The sling bullet hits the goblin.
You kill the goblin!
The goblin hits you with a +0 dagger. x2
You die...

##.###.##.#.#...###........###..#
...# #.###.......##...####.#.....
##.###...#####....#.### #.#.#...
#........# #....#.# #.#.#..#
...#.##..# #......# #......#
#..#..#..# ##...### #.......
#..##.#..# #...# #.#.##.#
#........### #.g)# #.#.##.#
####...^...####%@.########......#
##.#..##..(....gg........#..###.#
.....>#..................#..# #..
##............[..........##.###.#
##.#..#..#.##.......##.###......#
##.#.......##.#...#.##.##.....###
##.#..#..####.#...#.##.###.##.#
#...>...# #.......##.# #.##.#
#.#.##..# #.#...#.##.# #.##.#


You could see 3 goblins.

Vanquished Creatures
  2 ball pythons (D:1)
  A giant cockroach (D:1)
  2 goblins (D:1)
  A hobgoblin (D:1)
  2 quokkas (D:1)
  A bat (D:1)
  3 kobolds (D:1)
  A rat (D:1)
13 creatures vanquished.

Notes
Turn   | Place    | Note
-------+----------+-------------------------------------------
     0 | D:1      | qw the Minotaur Hexslinger began the quest for the Orb.
     0 | D:1      | Reached XP level 1. HP: 16/16 MP: 1/1
     0 | D:1      | 0 ||| qw: Version: 0.3-a-26-gee661ec
     0 | D:1      | 0 ||| qw: Game counter: 7160
     0 | D:1      | 0 ||| qw: Melee chars always use a shield: true
     0 | D:1      | 0 ||| qw: God list: Okawaru
     0 | D:1      | 0 ||| qw: Allow faded altars: false
     0 | D:1      | 0 ||| qw: Do Orc after clearing Dungeon:15 true
     0 | D:1      | 0 ||| qw: Do second Lair branch before Depths: true
     0 | D:1      | 0 ||| qw: Lair rune preference: random
     0 | D:1      | 0 ||| qw: Goals: Normal
     0 | D:1      | 0 ||| PLANNING D:1-11
   156 | D:1      | Reached skill level 3 in Ranged Weapons
   156 | D:1      | Reached XP level 2. HP: 23/23 MP: 2/2
   503 | D:1      | 503 ||| READING scroll labelled KAMATUCILE.
   504 | D:1      | 504 ||| DRINKING 2 fuming cyan potions.
   505 | D:1      | 505 ||| DRINKING 2 glowing ruby potions.
   524 | D:1      | 524 ||| DROPPING scroll of poison.
   525 | D:1      | 525 ||| DROPPING potion of degeneration.
   526 | D:1      | 526 ||| DROPPING potion of lignification.
   552 | D:2      | Identified the +0 helmet "Nownakhli" {rElec rPois}
   552 | D:2      | Noticed Robin
   556 | D:2      | 556 ||| STAIRDANCE
   559 | D:1      | HP: 5/24 [goblin/+0 dagger[Robin] (3)]
   559 | D:1      | HP: 2/24 [goblin/+0 dagger[Robin] (3)]
   560 | D:1      | Slain by a goblin

Levels and vault maps discovered:
D:1:      tarquinn_simple_flora_water_d, layout_loops_cross
D:2:      layout_basic, st_stairs_2, uniq_robin

Skill      XL: |  1 |
---------------+----+-----
Ranged Weapons | 3 |  3.1
Fighting       | |  1.7
Dodging        | |  2.1
Spellcasting   | |  1.0
Hexes          | |  2.0

Action                     || total
---------------------------++-------
   Fire: Sling             ||    24
    Use: Potion            ||     2
         Scroll            ||     1
 Armour: Robe              ||     3
  Dodge: Dodged            ||    14

Table legend:
 A = Non-vault XP
 B = Vault XP
 C = Vault XP percentage of total XP
 D = Non-vault monster count
 E = Vault monster count
 F = Vault count percentage of total count
                 A         B        C        D         E       F
            +---------+---------+-------+---------+---------+-------
      Total |      19 |       2 |   9.5 |      12 |       1 |   7.7
            +---------+---------+-------+---------+---------+-------
        D:1 |      19 |       2 |   9.5 |      12 |       1 |   7.7
            +---------+---------+-------+---------+---------+-------
